 Seeded DCSS version 0.30-a0-830-gfe289a77b0 (webtiles) character file.

Game seed: 12734802202227940140 (custom seed)

61 muata the Chiller (level 4, 26/30 HPs)
             Began as a Merfolk Ice Elementalist on Jan 6, 2023.
             Quit the game on level 3 of the Dungeon on Feb 28, 2023.
             The game lasted 00:09:12 (2245 turns).

muata the Chiller (Merfolk Ice Elementalist)        Turns: 2245, Time: 00:09:12

Health: 26/30      AC:  2    Str:  8    XL:     4   Next: 7%
Magic:  7/7        EV: 12    Int: 16    God:
Gold:   153        SH:  0    Dex: 14    Spells: 4/8 levels left

rFire   . . .      SeeInvis .    r - staff of cold
rCold   + . .      Faith    +    (no shield)
rNeg    . . .      Spirit   .    a - +0 robe
rPois   .          Reflect  .    (no helmet)
rElec   .          Harm     .    (no cloak)
rCorr   .          Rampage  .    (no gloves)
Will    .....                    (no boots)
Stlth   ++                       q - amulet of faith
HPRegen 0.25/turn                (no ring)
MPRegen 0.10/turn                (no ring)

@: no status effects
A: (nimble swimmer 2), mertail
a: no special abilities


You were on level 3 of the Dungeon.
You visited 1 branch of the dungeon, and saw 3 of its levels.

You collected 153 gold pieces.

Inventory:

Hand Weapons
 g - a +1 short sword of freezing
 m - a +2 dagger of venom
Armour
 a - a +0 robe (worn)
Magical Staves
 r - a staff of cold (weapon)
Jewellery
 d - a +6 ring of strength
 p - a ring of fire
 q - an amulet of faith (around neck)
 s - a ring of see invisible
Scrolls
 c - a scroll of fear {unknown}
 e - 2 scrolls of vulnerability {unknown}
 h - a scroll of brand weapon {unknown}
 i - 12 scrolls of identify {unknown}
 n - 2 scrolls of teleportation {unknown}
 o - a scroll of enchant weapon {unknown}
Potions
 b - a potion of magic
 f - 2 potions of brilliance {unknown}
 j - 3 potions of degeneration {unknown}
 k - 3 potions of heal wounds {unknown}
 l - a potion of mutation {unknown}


   Skills:
 - Level 0.1 Fighting
 - Level 1.0 Short Blades
 - Level 2.6 Dodging
 - Level 2.1 Stealth
 + Level 2.5 Spellcasting
 + Level 0.2 Conjurations
 - Level 5.4 Ice Magic
 + Level 0.2 Earth Magic


You had 4 spell levels left.
You knew the following spells:

 Your Spells              Type           Power      Damage    Failure   Level
a - Freeze                Ice            100%       1d10      1%          1
b - Stone Arrow           Conj/Erth      4%         3d7       47%         3

Your spell library contained the following spells:

 Spells                   Type           Power      Damage    Failure   Level
 Frozen Ramparts          Ice            58%        1d9       6%          3
 Ozocubu's Armour         Ice            29%        N/A       6%          3
 Summon Ice Beast         Ice/Summ       16%        N/A       54%         4
 Animate Armour           Summ/Erth      4%         N/A       88%         4
 Lehudib's Crystal Spear  Conj/Erth      1%         10d2      100%        8


Dungeon Overview and Level Annotations

Branches:
Dungeon (3/15)

Altars:

Shops:
D:1 *


Innate Abilities, Weirdness & Mutations

((You are very nimble when in or above water. (Stealth+, EV+, Speed+++)))
Your lower body shifts to a powerful aquatic tail in water.


Message History

The goblin shouts!
You hear a shout!
The orc throws a boomerang.
The boomerang hits you.
Found a stone staircase leading up.
There is a stone staircase leading up here.
There is a stone staircase leading up here.
The goblin hits you with a +0 dagger.
There is a stone staircase leading up here.
Casting: Freeze (safe; 1% risk of failure)
Confirm with . or Enter, or press ? or * to list all spells.
Aiming: Freeze (safe; 1% risk of failure)
Press: ? - help, Shift-Dir - straight line, f - goblin
Aim: a goblin, wielding a +0 dagger You feel a surge of power!
You freeze the goblin!
You kill the goblin!
Casting: Freeze (safe; 1% risk of failure)
Confirm with . or Enter, or press ? or * to list all spells.
Aiming: Freeze (safe; 1% risk of failure)
Press: ? - help, Shift-Dir - straight line, f - orc
Aim: an orc, wielding a +0 mace, wearing a +0 ring mail and quivering boomerangs You feel a surge of power!
You freeze the orc!
You kill the orc!
Items here: ( ) [ †.
Things that are here:
a +0 dagger; a goblin corpse
Things that are here:
a +0 dagger; a goblin corpse You start resting.
Magic restored.
Items here: ( ) [ †.
Things that are here:
a +0 dagger; a goblin corpse
Items here: ( ) [ †.
Okay, then.
Welcome back, muata the Merfolk Ice Elementalist.
Game seed: 12734802202227940140 (custom seed) Press ? for a list of commands and other information.
Welcome back, muata the Merfolk Ice Elementalist.
Game seed: 12734802202227940140 (custom seed) Press ? for a list of commands and other information.
Are you sure you want to abandon this character and quit the game? (Confirm with "yes".)

.......#####.o.......#
..........)..........#
........#############
###.#...# # #
##..##### # #......###
# ##..##...### .
##.####...## # #.#
###)@# # #.# ##<## #
#.## ##..# #
#..####.....# #
##..#...##### # #.#
##.#.## # #.# #.#.# #
#.# ##..# ## #.#
#.#####


There were no monsters in sight!

Vanquished Creatures
  An adder (D:2)
  A dart slug (D:1)
  An orc (D:3)
  3 bats (D:1)
  5 endoplasms (D:1)
  2 giant cockroaches
  8 goblins
  4 hobgoblins
  5 kobolds
  A quokka (D:2)
  4 ball pythons
  A frilled lizard (D:1)
  8 rats
44 creatures vanquished.

Notes
Turn   | Place    | Note
-------+----------+-------------------------------------------
     0 | D:1      | muata the Merfolk Ice Elementalist began the quest for the
                  | Orb.
     0 | D:1      | Reached XP level 1. HP: 13/13 MP: 3/3
   270 | D:1      | Reached XP level 2. HP: 19/19 MP: 0/5
   610 | D:1      | Reached skill level 5 in Ice Magic
  1025 | D:1      | Reached XP level 3. HP: 24/24 MP: 4/6
  1025 | D:1      | Upgraded the game from 0.30-a0-596-g0af90f9a20 to
                  | 0.30-a0-605-gb2882149bf
  1231 | D:1      | Found Zebiy's Assorted Antiques.
  1468 | D:2      | Reached skill level 1 in Short Blades
  1556 | D:2      | Learned a level 3 spell: Stone Arrow
  1742 | D:2      | Identified the +1 leather armour of Lokuwy {rPois Int-3
                  | Stlth+}
  2193 | D:3      | Reached XP level 4. HP: 26/30 MP: 4/7
  2245 | D:3      | Upgraded the game from 0.30-a0-605-gb2882149bf to
                  | 0.30-a0-629-gd54f4be4f7
  2245 | D:3      | Upgraded the game from 0.30-a0-629-gd54f4be4f7 to
                  | 0.30-a0-830-gfe289a77b0
  2245 | D:3      | Quit the game

Illustrated notes

Levels and vault maps discovered:
D:1:      dpeg_arrival_ratfight, layout_loops_corners, serial_shops,
          nicolae_lakefront_shop, patterned_corridor
D:2:      layout_rooms, hex_intersection
D:3:      layout_rooms, minmay_fractal_squares_diagonal_5, uniq_sigmund

Skill      XL: |  1  2  3 |
---------------+----------+-----
Ice Magic      | 5 |  5.4
Short Blades   | 1 |  1.0
Fighting       | |  0.1
Dodging        | |  2.6
Stealth        | |  2.1
Spellcasting   | |  2.5
Conjurations   | |  0.2
Earth Magic    | |  0.2

Action                     |  1- 3 |  4- 6 || total
---------------------------+-------+-------++-------
  Melee: Short sword       |    28 |       ||    28
         Dagger            |    12 |       ||    12
         Staff             |       |     1 ||     1
   Cast: Freeze            |    41 |     2 ||    43
   Stab: Sleeping          |     3 |       ||     3
 Armour: Robe              |    14 |       ||    14
  Dodge: Dodged            |    55 |     3 ||    58

Table legend: (Time is in decaauts)
 A = Elapsed time spent in this place.
 B = Non-inter-level travel time spent in this place.
 C = Inter-level travel time spent in this place.
 D = Time resting spent in this place.
 E = Time spent auto-exploring this place.
 F = Levels seen in this place.
 G = Mean time per level.
                   A        B        C        D        E       F      G
               +--------+--------+--------+--------+--------+-----+--------+
         Total |   2242 |   2000 |    242 |     21 |   1524 |   3 |  747.3 |
       Dungeon |   2242 |   2000 |    242 |     21 |   1524 |   3 |  747.3 |
               +--------+--------+--------+--------+--------+-----+--------+

Top non-repeatable levels by time:
     D:1: 1479 daAuts
     D:2: 623 daAuts
     D:3: 139 daAuts
